 Dungeon Crawl Stone Soup version 0.29-a0-453-gf113fcf677 (webtiles) character file.

Game seed: 174327538387405211

113 DungeonDestroyer the Shield-Bearer (level 4, -1/41 HPs)
             Began as a Gnoll Fighter on May 19, 2022.
             Slain by a river rat (7 damage)
             ... in a sewer.
             The game lasted 00:05:44 (2707 turns).

DungeonDestroyer the Shield-Bearer (Gnoll Fighter)  Turns: 2707, Time: 00:05:45

Health: -1/41      AC:  9    Str: 14 (15) XL:     4   Next: 96%
Magic:  5/5        EV:  9    Int:  7      God:
Gold:   90         SH:  6    Dex: 14      Spells: 5/5 levels left

rFire   . . .      SeeInvis .   a - +1 long sword
rCold   . . .      Faith    .   c - +0 buckler
rNeg    . . .      Spirit   .   b - +0 scale mail
rPois   .          Reflect  .   o - +0 helmet
rElec   .          Harm     +   f - scarf {harm}
rCorr   .          Rampage  .   (no gloves)
Will    .....                   (no boots)
Stlth   ..........              (no amulet)
HPRegen 0.13/turn               (no ring)
MPRegen 0.09/turn               (no ring)

@: no status effects
A: fangs 1, strong nose, distributed training
a: no special abilities


You were in a sewer.
You visited 1 branch of the dungeon, and saw 3 of its levels.
You also visited: Sewer.

You collected 90 gold pieces.

Inventory:

Hand Weapons
 a - a +1 long sword (weapon)
Missiles
 e - 41 stones (quivered)
 g - 3 boomerangs
 m - 8 poisoned darts
Armour
 b - a +0 scale mail (worn)
 c - a +0 buckler (worn)
 f - a scarf of harm (worn)
 o - a +0 helmet (worn)
Scrolls
 h - 5 scrolls of identify
 j - a scroll of fog {unknown}
 l - 2 scrolls of teleportation
 n - a scroll of magic mapping {unknown}
 p - a scroll of enchant armour {unknown}
Potions
 d - a potion of might
 i - a potion of magic {unknown}
 k - a potion of curing
 q - 5 potions of flight


   Skills:
 + Level 6.6 Fighting
 + Level 1.3 Short Blades
 + Level 4.7 Long Blades
 + Level 1.3 Axes
 + Level 1.3 Maces & Flails
 + Level 1.3 Polearms
 + Level 1.3 Staves
 + Level 1.3 Slings
 + Level 1.3 Bows
 + Level 1.3 Crossbows
 + Level 1.3 Throwing
 + Level 6.6 Armour
 + Level 1.3 Dodging
 + Level 1.3 Stealth
 + Level 6.6 Shields
 + Level 1.3 Unarmed Combat
 + Level 1.3 Spellcasting
 + Level 1.0 Conjurations
 + Level 1.0 Hexes
 + Level 1.0 Summonings
 + Level 1.0 Necromancy
 + Level 1.0 Translocations
 + Level 1.0 Transmutations
 + Level 1.0 Fire Magic
 + Level 1.0 Ice Magic
 + Level 1.0 Air Magic
 + Level 1.0 Earth Magic
 + Level 1.0 Poison Magic
 + Level 1.4 Invocations
 + Level 1.3 Evocations


You had 5 spell levels left.
You didn't know any spells.
Your spell library contained the following spells:

 Spells                   Type           Power      Damage    Failure   Level
 Beastly Appendage        Tmut           2%         N/A       77%         1
 Blink                    Tloc           2%         N/A       88%         2
 Wereblood                Tmut           1%         N/A       88%         2
 Lesser Beckoning         Tloc           1%         N/A       98%         3
 Spider Form              Tmut/Pois      1%         N/A       98%         3
 Manifold Assault         Tloc           1%         N/A       100%        5


Dungeon Overview and Level Annotations

Branches:
Dungeon (3/15)              Sewer (1/1)

Altars:
Makhleb
Zin


Innate Abilities, Weirdness & Mutations

You have very sharp teeth.
Your uncanny sense of smell can sniff out nearby items.
Your experience applies equally to all skills.


Message History

You are too injured to fight recklessly!
You are too injured to fight recklessly!
You are too injured to fight recklessly!
You are too injured to fight recklessly!
You are too injured to fight recklessly!
You are too injured to fight recklessly!
You are too injured to fight recklessly!
You are too injured to fight recklessly!
You are too injured to fight recklessly!
You are too injured to fight recklessly!
You are too injured to fight recklessly!
You are too injured to fight recklessly!
You are too injured to fight recklessly!
You are too injured to fight recklessly!
You are too injured to fight recklessly!
You are too injured to fight recklessly!
Unknown command.
You hit the river rat.
You kill the river rat!
The river rat barely misses you. You block the river rat's attack.
The river rat bites you. x2
* * * LOW HITPOINT WARNING * * *
The river rat bites you but does no damage.
You feel your intelligence returning.
You feel better. The river rat barely misses you.
The river rat closely misses you. The river rat bites you.
You barely miss the river rat. You block the river rat's attack.
The river rat bites you but does no damage.
The river rat bites you.
You closely miss the river rat. The river rat barely misses you.
The river rat bites you.
* * * LOW HITPOINT WARNING * * *
The river rat barely misses you.
You slash the river rat!
You kill the river rat!
The river rat bites you.
* * * LOW HITPOINT WARNING * * *
The river rat barely misses you. The river rat bites you.
You die...

#≈≈≈≈≈.≈†≈≈≈.≈..≈.†≈≈≈≈#
#≈≈≈≈≈≈≈≈≈≈≈≈≈≈≈≈≈≈≈≈≈≈#
#≈≈≈≈≈.≈≈≈≈≈≈≈≈≈≈≈≈≈≈≈≈#
#≈≈≈###≈≈≈####≈≈####≈≈.#
#≈≈≈ #.≈≈# #≈.# #.≈≈#
#≈≈≈ #≈≈≈# #.≈# #≈≈≈#
#≈≈. #.≈≈# #≈.####.≈.#
#≈≈≈ #≈≈≈# ∆#..#.##.≈≈#
∆+.r@.##≈≈.#
∆+.r'.##≈≈≈#
∆#..#.##≈≈≈# #..####≈≈≈#
#..# #≈≈≈# #..# #≈≈≈#
#..#∆ #≈≈≈# +.. ∆ #≈≈≈#
∆ #≈≈≈#


You could see 2 river rats.

Vanquished Creatures
  3 adders
  2 river rats (Sewer)
  A worm (Sewer)
  A dart slug (D:2)
  7 orcs (D:3)
  An endoplasm (D:3)
  A giant cockroach (Sewer)
  6 goblins
  2 hobgoblins
  4 jackals (Sewer)
  5 kobolds
  A quokka (Sewer)
  8 ball pythons
  10 bats
  4 frilled lizards
  2 rats (D:1)
58 creatures vanquished.

Vanquished Creatures (others)
  A fungus (D:1)
  A plant (D:2)
2 creatures vanquished.

Grand Total: 60 creatures vanquished

Notes
Turn   | Place    | Note
-------+----------+-------------------------------------------
     0 | D:1      | DungeonDestroyer the Gnoll Fighter began the quest for the
                  | Orb.
     0 | D:1      | Reached XP level 1. HP: 23/23 MP: 1/1
   408 | D:1      | Reached XP level 2. HP: 29/29 MP: 2/2
  1529 | D:3      | Reached XP level 3. HP: 26/35 MP: 3/3
  1537 | D:3      | Found a burning altar of Makhleb.
  1537 | D:3      | Found a glowing silver altar of Zin.
  1538 | D:3      | Noticed an angel
  1538 | D:3      | Noticed a cacodemon
  1604 | D:3      | Reached skill level 1 in Invocations
  2006 | D:3      | Reached skill level 1 in Short Blades
  2006 | D:3      | Reached skill level 1 in Axes
  2006 | D:3      | Reached skill level 1 in Maces & Flails
  2006 | D:3      | Reached skill level 1 in Polearms
  2006 | D:3      | Reached skill level 1 in Staves
  2006 | D:3      | Reached skill level 1 in Slings
  2006 | D:3      | Reached skill level 1 in Bows
  2006 | D:3      | Reached skill level 1 in Crossbows
  2006 | D:3      | Reached skill level 1 in Throwing
  2006 | D:3      | Reached skill level 1 in Dodging
  2006 | D:3      | Reached skill level 1 in Stealth
  2006 | D:3      | Reached skill level 1 in Unarmed Combat
  2006 | D:3      | Reached skill level 1 in Spellcasting
  2006 | D:3      | Reached skill level 1 in Evocations
  2145 | D:3      | Found a glowing drain.
  2157 | Sewer    | Entered a sewer
  2366 | Sewer    | Reached XP level 4. HP: 41/41 MP: 5/5
  2621 | Sewer    | Reached skill level 1 in Conjurations
  2621 | Sewer    | Reached skill level 1 in Hexes
  2621 | Sewer    | Reached skill level 1 in Summonings
  2621 | Sewer    | Reached skill level 1 in Necromancy
  2621 | Sewer    | Reached skill level 1 in Translocations
  2621 | Sewer    | Reached skill level 1 in Transmutations
  2621 | Sewer    | Reached skill level 1 in Fire Magic
  2621 | Sewer    | Reached skill level 1 in Ice Magic
  2621 | Sewer    | Reached skill level 1 in Air Magic
  2621 | Sewer    | Reached skill level 1 in Earth Magic
  2621 | Sewer    | Reached skill level 1 in Poison Magic
  2707 | Sewer    | Slain by a river rat

Illustrated notes

Levels and vault maps discovered:
D:1:      scummos_arrival_checkerplants, layout_rooms
D:2:      layout_loops_ring, serial_bayou_lagoon_b
D:3:      layout_basic, grunt_temple_overflow_order_and_chaos_2,
          portal_sewer_entry_b
Sewer:    sewer_fruit_machine

Skill      XL: |  1  2  3  4 |
---------------+-------------+-----
Invocations    | 1 |  1.4
Short Blades   | 1 |  1.3
Axes           | 1 |  1.3
Maces & Flails | 1 |  1.3
Polearms       | 1 |  1.3
Staves         | 1 |  1.3
Slings         | 1 |  1.3
Bows           | 1 |  1.3
Crossbows      | 1 |  1.3
Throwing       | 1 |  1.3
Dodging        | 1 |  1.3
Stealth        | 1 |  1.3
Unarmed Combat | 1 |  1.3
Spellcasting   | 1 |  1.3
Evocations     | 1 |  1.3
Conjurations   | 1 |  1.0
Hexes          | 1 |  1.0
Summonings     | 1 |  1.0
Necromancy     | 1 |  1.0
Translocations | 1 |  1.0
Transmutations | 1 |  1.0
Fire Magic     | 1 |  1.0
Ice Magic      | 1 |  1.0
Air Magic      | 1 |  1.0
Earth Magic    | 1 |  1.0
Poison Magic   | 1 |  1.0
Fighting       | |  6.6
Long Blades    | |  4.7
Armour         | |  6.6
Shields        | |  6.6

Action                   |  1- 3 |  4- 6 || total
-------------------------+-------+-------++-------
Melee: Long sword        |   103 |    62 ||   165
       Bite              |     5 |     2 ||     7
  Use: Scroll            |     7 |       ||     7
       Potion            |     7 |     1 ||     8
Armor: Scale mail        |    60 |    68 ||   128
Dodge: Dodged            |    50 |    63 ||   113
Block: Buckler           |    36 |    28 ||    64

Table legend: (Time is in decaauts)
 A = Elapsed time spent in this place.
 B = Non-inter-level travel time spent in this place.
 C = Inter-level travel time spent in this place.
 D = Time resting spent in this place.
 E = Time spent auto-exploring this place.
 F = Levels seen in this place.
 G = Mean time per level.
                   A        B        C        D        E       F      G
               +--------+--------+--------+--------+--------+-----+--------+
         Total |   2823 |   2667 |    156 |    338 |   1625 |   4 |  705.8 |
       Dungeon |   2201 |   2045 |    156 |    157 |   1360 |   3 |  733.7 |
         Sewer |    622 |    622 |      0 |    181 |    265 |   1 |  622.0 |
               +--------+--------+--------+--------+--------+-----+--------+

Top non-repeatable levels by time:
     D:2: 968 daAuts
     D:3: 665 daAuts
   Sewer: 622 daAuts
     D:1: 567 daAuts
